 Dungeon Crawl Stone Soup version 0.18.1-50-g88ac8fd (webtiles) character file.

193 raph the Sneak (level 6, -1/34 HPs)
             Began as a Kobold Enchanter on Oct 25, 2016.
             Slain by an orc
             ... wielding a +0 trident
              (7 damage)
             ... on level 3 of the Dungeon.
             The game lasted 00:07:08 (2722 turns).

raph the Sneak (Kobold Enchanter)                   Turns: 2722, Time: 00:07:09

Health: -1/34      AC:  5    Str:  9    XL:     6   Next: 2%
Magic:  4/10       EV: 16    Int: 18    God:
Gold:   119        SH:  0    Dex: 16    Spells: 4 memorised, 2 levels left

rFire  . . .     SeeInvis .     a - +2 dagger
rCold  . . .     Gourm    .     b - +1 robe
rNeg   . . .     Faith    .     (shield restricted)
rPois  .         Spirit   .     (no helmet)
rElec  .         Dismiss  .     o - +0 cloak
rCorr  .         Reflect  .     v - +0 pair of gloves
SustAt .         Harm     .     (no boots)
MR     +....                    (no amulet)
Stlth  +++.......               t - ring of protection from magic
                                n - +5 ring of intelligence

@: somewhat resistant to hostile enchantments, fairly stealthy
A: carnivore 3
a: no special abilities


You were on level 3 of the Dungeon.
You were completely stuffed.

You visited 1 branch of the dungeon, and saw 3 of its levels.

You collected 119 gold pieces.

Inventory:

Hand Weapons
 a - a +2 dagger (weapon)
Missiles
 u - 3 tomahawks (quivered)
Armour
 b - a +1 robe (worn)
 o - a +0 cloak (worn)
 v - a +0 pair of gloves (worn)
Jewellery
 n - a +5 ring of intelligence (left hand)
 t - a ring of protection from magic (right hand)
Scrolls
 e - a scroll of teleportation {unknown}
 f - a scroll of enchant armour {unknown}
 h - a scroll of random uselessness {unknown}
 i - a scroll of amnesia
 m - 3 scrolls of remove curse {unknown}
 p - a scroll of fog {unknown}
 q - a scroll of identify {unknown}
 s - a scroll of immolation {unknown}
Potions
 g - a potion of degeneration {unknown}
 j - a potion of heal wounds {unknown}
 l - a potion of haste {unknown}
Books
 c - a book of Maledictions

   Spells                             Type                      Level
   a - Corona                         Hexes                        1
   b - Ensorcelled Hibernation        Hexes/Ice                    2
   c - Confuse                        Hexes                        3
   d - Tukima's Dance                 Hexes                        3
   e - Dazzling Spray                 Conjuration/Hexes            3
Comestibles
 d - 2 meat rations
 r - a beef jerky
 w - 6 chunks of flesh


   Skills:
 + Level 1.5 Fighting
 * Level 3.8 Short Blades
 + Level 3.6 Dodging
 + Level 4.5 Stealth
 + Level 3.0 Spellcasting
 + Level 3.5 Hexes


You had 2 spell levels left.
You knew the following spells:

 Your Spells              Type           Power        Failure   Level  Hunger
a - Corona                Hex            ###....      4%          1    None
b - Ensorcelled Hibernat  Hex/Ice        #.....       12%         2    ##.....
c - Confuse               Hex            ###.....     14%         3    ###....
d - Tukima's Dance        Hex            ###.....     14%         3    ###....


Dungeon Overview and Level Annotations

Branches:
Dungeon (3/15)

Altars:
Ashenzari


Innate Abilities, Weirdness & Mutations

You are small and have problems with some larger weapons.
You are carnivorous and can eat meat at any time.


Message History

* * * LOW HITPOINT WARNING * * *
There is an open door here.
You close the door.
Something unseen opens the door.
Read which item? (? for menu, Esc to quit)
As you read the scroll labeled DIXZEB ZEXYETZ, it crumbles to dust.
It is a scroll of amnesia.
Forget which spell ([?*] list [ESC] exit)?
Forget which spell ([?*] list [ESC] exit)?
Okay, then.
Read which item? (? for menu, Esc to quit)
As you read the scroll labeled TOADA FARCHIVUZI, it crumbles to dust.
It is a scroll of enchant weapon.
Enchant which weapon? (? for menu, Esc to quit)
Your +1 dagger glows red for a moment.
The orc wizard barely misses you.
You barely miss the orc wizard.
The orc wizard is almost dead.
The orc hits you from afar with a trident!
You die...

...###............######....#
.....'.................+....#
######............######....#
##..).............###.......# #
.'.(.............o..oo......#
##........######.####.......#
##........# #o## #.......#
..........######o[###.......#
..............#.@...#...o...#
..............#.....#.......#
##............##...##.....#.#
#.............#...#......#.#
##........%....##.##......#÷#####
.........###....#.#....####....o)
....####...###.#####.### #######
....# #.....###...### ....#
#†......#._.+


You could see an orc wizard and 2 orcs.

Vanquished Creatures
  An orc priest (D:3)
  7 gnolls
  4 adders
  An ooze (D:2)
  3 dart slugs (D:1)
  5 orcs (D:3)
  A giant cockroach (D:2)
  3 goblins
  9 hobgoblins
  3 quokkas (D:3)
  2 ball pythons (D:2)
  7 bats
  2 giant newts
  2 kobolds
  4 rats
54 creatures vanquished.

Notes
Turn   | Place    | Note
--------------------------------------------------------------
     0 | D:1      | raph the Kobold Enchanter began the quest for the Orb.
     0 | D:1      | Reached XP level 1. HP: 10/10 MP: 3/3
   351 | D:1      | Reached XP level 2. HP: 11/15 MP: 3/5
   516 | D:1      | Learned a level 2 spell: Ensorcelled Hibernation
   852 | D:1      | Reached XP level 3. HP: 19/19 MP: 2/6
   974 | D:1      | Learned a level 3 spell: Confuse
  1583 | D:2      | Reached XP level 4. HP: 22/24 MP: 4/7
  1880 | D:2      | Reached XP level 5. HP: 28/28 MP: 6/9
  1908 | D:2      | Learned a level 3 spell: Tukima's Dance
  2131 | D:3      | Reached skill level 1 in Fighting
  2423 | D:3      | Found a shattered altar of Ashenzari.
  2667 | D:3      | Reached XP level 6. HP: 31/34 MP: 3/10
  2722 | D:3      | Slain by an orc

Skill      XL: |  1  2  3  4  5 |
---------------+----------------+-----
Short Blades   | 2 3 |  3.8
Dodging        | 3 |  3.6
Fighting       | 1 |  1.5
Spellcasting   | 3 |  3.0
Stealth        | |  4.5
Hexes          | |  3.5

Action                   |  1- 3 |  4- 6 || total
-------------------------+-------+-------++-------
Melee: Dagger            |    64 |    82 ||   146
 Cast: Corona            |    10 |    10 ||    20
       Ensorcelled Hiber |     7 |    22 ||    29
       Tukima's Dance    |       |     1 ||     1
  Use: Scroll            |       |     2 ||     2
 Stab: Sleeping          |    18 |    17 ||    35
  Eat: Chunk             |    11 |     5 ||    16
Armor: Robe              |    12 |     7 ||    19
Dodge: Dodged            |    28 |    42 ||    70
